 Dungeon Crawl Stone Soup version 0.29.1-15-g9cfb28693d (webtiles) character file.

Game seed: 15630702169504018913

310370 Rangus the Tortoise (level 21, -7/252 HPs)
             Began as a Gnoll Wanderer on Feb 26, 2023.
             Was a High Priest of Okawaru.
             Killed from afar by a starcursed mass (31 damage)
             ... with an accursed screaming
             ... while paralysed by accursed screaming
             ... on level 3 of the Abyss on Feb 27, 2023.
             The game lasted 04:08:47 (50210 turns).

Rangus the Tortoise (Gnoll Wanderer)               Turns: 50210, Time: 04:08:50

Health: -7/252     AC: 52    Str: 26    XL:     21   Next: 25%
Magic:  10/11      EV:  2    Int: 14    God:    Okawaru [*****.]
Gold:   2136       SH:  0    Dex: 23    Spells: 49/49 levels left

rFire   + + +      SeeInvis +   I - +5 demon whip "Spellbinder" {antimagic, Will+}
rCold   . . .      Faith    .   w - +2 tower shield {reflect}
rNeg    + . .      Spirit   .   Z - +14 crystal plate armour "Wygisu" {Harm}
rPois   .          Reflect  +   q - +2 helmet of Sinlagun {Rampage rF+ Str+3}
rElec   +          Harm     +   d - +1 cloak of Ehoerum {Dex+4}
rCorr   +          Rampage  +   Q - +1 pair of gloves of the New World {Int+3 Stlth+}
Will    ++...      Clarity  +   E - +2 pair of boots "Gecem" {rElec rF+ Stlth+}
Stlth   ..........              F - amulet of Traps {RegenMP Rampage Dex+5 Stlth+}
HPRegen 0.00/turn               r - ring "Gemer" {rF+ rN+ Str+4 Dex-2 SInv}
MPRegen 0.52/turn               x - ring "Torchosma" {rCorr Slay+6}

@: paralysed, berserking, about to teleport, sick
A: fangs 1, strong nose, distributed training, hooves 1, clarity, MP-powered
wands, [low MP 1], [screaming 2]
}: 2/15 runes: serpentine, barnacled
a: Renounce Religion, Heroism, Finesse, Duel


You were on level 3 of the Abyss.
You worshipped Okawaru.
Okawaru was extremely pleased with you.
You visited 8 branches of the dungeon, and saw 35 of its levels.
You visited the Abyss 1 time.
You visited 1 bazaar.
You also visited: Ossuary, Bailey and Desolation.

You collected 5767 gold pieces.
You spent 3631 gold pieces at shops.

Inventory:

Hand Weapons
 n - the +12 mace of the Demagogue {spect, Will- Dex+5}
   (You found it on level 1 of the Lair of Beasts)

   When its wielder attacks, the weapon's spirit leaps out and strikes again.
   The spirit shares a part of any damage it takes with its wielder.
   Dex:       It affects your dexterity (+5).
   Will:      It decreases your willpower.
 p - the +7 quarterstaff of Zeduakh {vorpal, rF+ Will+++ Dex-2 Stlth+}
   (Okawaru gifted it to you on level 2 of the Vaults)

   It inflicts extra damage upon your enemies.
   Dex:       It affects your dexterity (-2).
   rF:        It protects you from fire.
   Will:      It greatly increases your willpower.
   Stlth:     It makes you more stealthy.
 z - the +5 hand crossbow of Generosity {penet, rN++}
   (Okawaru gifted it to you on level 4 of the Lair of Beasts)

   Any ammunition fired by it passes through the targets it hits, potentially
   hitting all targets in its path until it reaches maximum range.
   rN:        It greatly protects you from negative energy.
 I - the +5 demon whip "Spellbinder" (weapon) {antimagic, Will+}
   (You bought it in a shop on level 5 of the Dungeon)

   It reduces the magical energy of the wielder, and disrupts the spells and
   magical abilities of those it strikes.
   Natural abilities and divine invocations are not affected.
   It unleashes wild and unpredictable magical effects upon striking a wizard or
   a creature with magical abilities.
   Will:      It increases your willpower.
 W - the +12 longbow "Zecing" {speed, Str+6 Int+6 Dex-5, w}
   (Okawaru gifted it to you on level 12 of the Dungeon)

   Attacks with this weapon are significantly faster.
   Str:       It affects your strength (+6).
   Int:       It affects your intelligence (+6).
   Dex:       It affects your dexterity (-5).
Missiles
 e - a throwing net
 i - 7 silver javelins
Armour
 d - the +1 cloak of Ehoerum (worn) {Dex+4}
   (You bought it in a shop on level 2 of the Orcish Mines)

   Dex:       It affects your dexterity (+4).
 j - the +9 plate armour "Asemor" {rF+ Will- Regen+ Dex+7}
   (Okawaru gifted it to you on level 1 of the Orcish Mines)

   Dex:       It affects your dexterity (+7).
   rF:        It protects you from fire.
   Regen:     It increases your rate of health regeneration.
   Will:      It decreases your willpower.
 q - the +2 helmet of Sinlagun (worn) {Rampage rF+ Str+3}
   (Okawaru gifted it to you on level 2 of the Vaults)

   Str:       It affects your strength (+3).
   rF:        It protects you from fire.
   Rampage:   It bestows one free step when moving towards enemies.
 w - a +2 tower shield of reflection (worn)
 E - the +2 pair of boots "Gecem" (worn) {rElec rF+ Stlth+}
   (Okawaru gifted it to you on level 4 of the Snake Pit)

   rF:        It protects you from fire.
   rElec:     It insulates you from electricity.
   Stlth:     It makes you more stealthy.
 L - the +0 tower shield of Proximity {rF+ Will++}
   (You bought it in a shop on level 3 of the Snake Pit)

   rF:        It protects you from fire.
   Will:      It greatly increases your willpower.
 O - the +2 pair of boots of Words of Power {rF+ rN+ MP+9 Stlth+}
   (Okawaru gifted it to you on level 3 of the Abyss)

   rF:        It protects you from fire.
   rN:        It protects you from negative energy.
   MP:        It affects your magic capacity (+9).
   Stlth:     It makes you more stealthy.
 P - a scarf of resistance
 Q - the +1 pair of gloves of the New World (worn) {Int+3 Stlth+}
   (You found it on level 1 of the Snake Pit)

   Int:       It affects your intelligence (+3).
   Stlth:     It makes you more stealthy.
 Z - the +14 crystal plate armour "Wygisu" (worn) {Harm}
   (Okawaru gifted it to you on level 12 of the Dungeon)

   Harm:      It increases damage dealt and taken.
Jewellery
 k - a ring of protection from cold
 r - the ring "Gemer" (left hand) {rF+ rN+ Str+4 Dex-2 SInv}
   (You bought it in a shop on level 3 of the Snake Pit)

   [ring of protection from fire]

   Str:       It affects your strength (+4).
   Dex:       It affects your dexterity (-2).
   rF:        It protects you from fire.
   rN:        It protects you from negative energy.
   SInv:      It lets you see invisible.
 x - the ring "Torchosma" (right hand) {rCorr Slay+6}
   (You found it on level 6 of the Dungeon)

   [ring of resist corrosion]

   Slay:      It affects your accuracy & damage with ranged weapons and melee
   (+6).
   rCorr:     It protects you from acid and corrosion.
 y - the ring "Orphizaty" {rElec rF+ Will- Slay+3 SInv}
   (You found it on level 1 of the Vaults)

   [ring of protection from fire]

   Slay:      It affects your accuracy & damage with ranged weapons and melee
   (+3).
   rF:        It protects you from fire.
   rElec:     It insulates you from electricity.
   SInv:      It lets you see invisible.
   Will:      It decreases your willpower.
 F - the amulet of Traps (around neck) {RegenMP Rampage Dex+5 Stlth+}
   (You acquired it on level 9 of the Dungeon)

   [amulet of magic regeneration]

   It increases your rate of magic regeneration.
   Dex:       It affects your dexterity (+5).
   Rampage:   It bestows one free step when moving towards enemies.
   Stlth:     It makes you more stealthy.
 G - a +6 ring of strength
 K - a ring of protection from fire
 U - the ring "Xyhius" {Ice +Blink Stlth+}
   (You found it on level 3 of the Snake Pit)

   [ring of ice]

   It enhances your ice magic.
   rF:        It makes you vulnerable to fire.
   rC:        It protects you from cold.
   +Blink:    It lets you blink.
   Stlth:     It makes you more stealthy.
Wands
 u - a wand of roots (7)
 J - a wand of digging (6)
 M - a wand of light (10)
Scrolls
 c - 4 scrolls of teleportation
 m - 5 scrolls of brand weapon
 s - 4 scrolls of amnesia
 v - 2 scrolls of blinking
 A - 3 scrolls of enchant armour
 H - 3 scrolls of fog
 N - a scroll of fear
 S - 3 scrolls of silence
 X - 4 scrolls of magic mapping
 Y - 3 scrolls of enchant weapon
Potions
 a - 5 potions of ambrosia
 b - 2 potions of cancellation
 f - 6 potions of brilliance
 g - 8 potions of curing
 h - 5 potions of magic
 l - 9 potions of mutation
 o - a potion of invisibility
 t - a potion of resistance
 B - 2 potions of might
 D - 3 potions of flight


   Skills:
 + Level 15.0 Fighting
 + Level 14.7 Short Blades
 + Level 14.7 Long Blades
 + Level 14.7 Axes
 + Level 14.7 Maces & Flails
 + Level 14.7 Polearms
 + Level 14.7 Staves
 + Level 14.7 Ranged Weapons
 + Level 14.7 Throwing
 + Level 17.7 Armour
 + Level 15.0 Dodging
 + Level 14.7 Stealth
 + Level 14.7 Shields
 + Level 16.0 Unarmed Combat
 + Level 14.7 Spellcasting
 + Level 12.5 Conjurations
 + Level 12.5 Hexes
 + Level 12.5 Summonings
 + Level 12.5 Necromancy
 + Level 12.5 Translocations
 + Level 12.5 Transmutations
 + Level 12.5 Fire Magic
 + Level 12.5 Ice Magic
 + Level 12.5 Air Magic
 + Level 12.5 Earth Magic
 + Level 12.5 Poison Magic
 + Level 16.0 Invocations
 + Level 14.7 Evocations


You had 49 spell levels left.
You didn't know any spells.
Your spell library contained the following spells:

 Spells                   Type           Power      Damage    Failure   Level
 Apportation              Tloc           90%        N/A       2%          1
 Magic Dart               Conj           100%       1d8       2%          1
 Necrotise                Necr           100%       1d9       2%          1
 Sandblast                Erth           90%        2d19      2%          1
 Sting                    Tmut/Pois      100%       1d8       2%          1
 Passwall                 Tmut/Erth      37%        N/A       3%          2
 Poisonous Vapours        Pois/Air       90%        N/A       3%          2
 Scorch                   Fire           90%        2d10      3%          2
 Static Discharge         Conj/Air       45%        3-9/arc   3%          2
 Conjure Flame            Conj/Fire      45%        6-21      7%          3
 Ignite Poison            Fire/Tmut/Pois 45%        N/A       7%          3
 Mephitic Cloud           Conj/Pois/Air  45%        N/A       7%          3
 Stone Arrow              Conj/Erth      90%        3d12      7%          3
 Dispel Undead            Necr           45%        3d17      24%         4
 Flame Wave               Conj/Fire      45%        2d12      24%         4
 Leda's Liquefaction      Hex/Erth       22%        N/A       24%         4
 Olgreb's Toxic Radiance  Pois           45%        N/A       24%         4
 Sticky Flame             Conj/Fire      45%        2d6       24%         4
 Alistair's Intoxication  Tmut/Pois      30%        N/A       54%         5
 Blade Hands              Tmut           22%        N/A       54%         5
 Irradiate                Conj/Tmut      22%        3d19      54%         5
 Lee's Rapid Deconstruct  Erth           22%        3d14*     54%         5
 Yara's Violent Unravell  Hex/Tmut       22%        3d10      54%         5
 Statue Form              Tmut/Erth      30%        N/A       98%         6
 Dragon Form              Tmut           22%        N/A       100%        7
 Enfeeble                 Hex            22%        N/A       100%        7
 Storm Form               Tmut/Air       22%        N/A       100%        7
 Summon Small Mammal      Summ           Unusable   N/A       N/A         1
 Call Imp                 Summ           Unusable   N/A       N/A         2
 Summon Forest            Summ/Tloc      Unusable   N/A       N/A         5
 Summon Cactus Giant      Summ           Unusable   N/A       N/A         6
 Dragon's Call            Summ           Unusable   N/A       N/A         9

Dungeon Overview and Level Annotations

Branches:
Dungeon (15/15)            Temple (0/1) D:6            Lair (5/5) D:11
 Shoals (4/4) Lair:3        Snake (4/4) Lair:3        Slime (1/5) Lair:4
    Orc (2/2) D:12            Elf (1/3) Orc:2        Vaults (2/5) D:13
  Crypt (0/3) Vaults:2     Depths (0/4) D:15        Ossuary (visited)
 Bailey (visited)         Desolation (visited)

Altars:
Cheibriados
Dithmenos
Elyvilon
Fedhas
Gozag
Hepliaklqana
Makhleb
Nemelex Xobeh
Okawaru
Ru
Sif Muna
Trog
Uskayaw
Vehumet
Xom
Zin
Jiyva

Shops:
D:5 (   D:8 ![   D:14 :   Orc:2 [=(*   Shoals:2 :   Snake:3 *:[[=*   Snake:4 [

Portals:
Trove: D:15 (give 11 potions of heal wounds)

Annotations:
Elf:2 Louise
Vaults:1 1 runed translucent door, vegansnacktivist's ghost, adept DDFi


Innate Abilities, Weirdness & Mutations

You have very sharp teeth.
Your uncanny sense of smell can sniff out nearby items.
Your experience applies equally to all skills.
You have large cloven feet.
You possess an exceptional clarity of mind.
You expend magic power (3 MP) to strengthen your wands.
[Your magical capacity is low. (-10% MP)]
[You frequently scream uncontrollably at your foes.]


Message History

A cacophony of accursed wailing tears at your sanity!
* * * LOW HITPOINT WARNING * * *
You shrug off the repeated paralysis!
As you read the scroll of teleportation, it crumbles to dust.
You feel strangely unstable.
You feel the power of the Abyss delaying your translocation!
You block the tormentor's attack. x2; You block the shadow demon's attack.
A starcursed mass splits. x2
A red film seems to cover your vision as you go berserk!
Your finesse ends abruptly.
You feel yourself moving faster!
You feel mighty! The tormentor closely misses you.
The tormentor hits you but does no damage.
The wretched star glows turbulently.
The lance of force misses you. You block the shadow demon's attack.
You block the tormentor's attack. The tormentor barely misses you.
You barely miss the tormentor.
You feel like a meek peon again.
You whack the tormentor!
The tormentor's magic leaks into the air.
Sand pours from the tormentor's claws.
You bite the tormentor.
The tormentor is moderately wounded.
The tormentor's magic is no longer disrupted.
You block the tormentor's attack. x2
The shadow demon hits you but does no damage.
You barely miss the tormentor. You bite the tormentor.
The tormentor is moderately wounded.
A starcursed mass splits.
A cacophony of accursed wailing tears at your sanity!
* * * LOW HITPOINT WARNING * * *
You suddenly lose the ability to move!
A starcursed mass splits.
The tormentor calls on the powers of darkness!
The raiju convulses!
Your body is wracked with pain!
* * * LOW HITPOINT WARNING * * *
The wretched star glows turbulently.
The lance of force hits you but does no damage.
The shadow demon hits you but does no damage.
A starcursed mass splits.
The tormentor hits you but does no damage. x2
A cacophony of accursed wailing tears at your sanity!
You die...

. .. . #.. . # ..
#.. . ## # # ..
.. .# . . #...
###### .. #§
###@*#.#.. # .
... . ##22#xXX##
.. #.
#..#XhX.XXX.. #.
.. ..#
.....XXXX.X... .
. .##..#.
∩##XXX..... .#.
........#........
. . †.####..
#X.#...#. . >...
.#. #....... #.##
...#.###...#..


You could see 15 starcursed masses, a wretched star (summoned), a shadow demon,
an ancient zyme, a large abomination (summoned), a tormentor and a raiju.

Vanquished Creatures
  Saint Roka (Snake:3)
  Vashnia (Snake:2)
  A lich (Vaults:1)
  A sphinx (Vaults:2)
  Polyphemus (Shoals:3)
  A kraken (Shoals:2)
  Gastronok (D:9)
  2 tengu reavers (Vaults:1)
  3 tentacled starspawn (Abyss:3)
  Donald (Snake:1)
  Roxanne (Snake:1)
  7 nagarajas (Snake:4)
  An orc warlord (Bailey)
  5 vault wardens
  The ghost of Ulithrugho the Blocker, an adept GrFi of Qazlal (Snake:3)
  6 ironbound preservers
  2 quicksilver oozes (Slime:1)
  7 very ugly things
  3 ironbound thunderhulks
  3 dire elephants
  Azrael (Snake:1)
  2 entropy weavers (Vaults:2)
  A deep elf death mage (Vaults:1)
  Snorg (D:14)
  3 merfolk javelineers
  7 merfolk impalers
  3 ragged hierophants
  An ettin (Orc:1)
  Josephine (D:12)
  A yaktaur captain (Vaults:1)
  A servant of whispers (Desolation)
  5 boulder beetles
  4 great orbs of eyes
  2 rakshasas (Abyss:3)
  8 centaur warriors
  6 hydras
  5 merfolk avatars
  2 catoblepae
  2 alligator snapping turtles (Shoals:4)
  2 ironbound frosthearts (Vaults:2)
  12 anacondas
  8 merfolk aquamancers
  Erolcha (D:10)
  5 ogre magi
  3 salamander tyrants
  6 dancing weapons
  18 naga warriors
  14 two-headed ogres
  A tengu warrior (D:13)
  10 death yaks
  Urug (D:12)
  10 shock serpents
  11 naga sharpshooters
  4 thrashing horrors (Abyss:3)
  An orc high priest (Elf:2)
  2 wretched stars (Abyss:3)
  Sonja (D:13)
  A spatial maelstrom (Abyss:3)
  3 deep elf knights
  7 salamander mystics
  4 skeletal warriors (D:12)
  15 sea snakes
  Lodul (D:12)
  8 naga ritualists
  15 deep trolls
  7 wizards
  An obsidian statue (Vaults:1)
  Pikel (D:4)
  4 lindwurms
  4 deep elf archers
  9 ironbound convokers
  40 ugly things
  A phantasmal warrior (Abyss:3)
  2 orc knights
  4 orc sorcerers
  3 oklob plants (Lair:3)
  A wolf spider (D:15)
  7 harpies
  8 cyclopes
  5 deep elf zephyrmancers
  16 mana vipers
  3 fauns (Shoals:1)
  24 manticores
  11 deep elf pyromancers
  A worldbinder (Abyss:3)
  A shining eye (Slime:1)
  27 salamanders
  11 merfolk sirens
  12 elephants
  43 black mambas
  5 vault sentinels
  2 orange demons (Abyss:3)
  6 guardian serpents
  16 naga magi
  An apocalypse crab (Abyss:3)
  6 water nymphs
  Maggie (D:6)
  2 gargoyles
  A hellion (Abyss:3)
  5 torpor snails
  13 cane toads
  A demonic crawler (Abyss:3)
  2 unseen horrors (Abyss:3)
  6 komodo dragons
  A tormentor (Abyss:3)
  A freezing wraith (Vaults:1)
  3 kobold demonologists
  3 ancient zymes (Abyss:3)
  A hellwing (Abyss:3)
  2 tengu conjurers (D:13)
  3 efreet
  4 rime drakes
  18 yaktaurs
  37 merfolk
  7 trolls
  5 polar bears (Lair:5)
  8 wind drakes
  A tarantella (Vaults:2)
  6 raiju (Abyss:3)
  9 blink frogs
  3 saltlings
  5 hornets
  6 dream sheep
  44 slime creatures
  10 snapping turtles
  A raiju (shapeshifter) (D:15)
  A spriggan (shapeshifter) (Abyss:3)
  3 air elementals (Elf:1)
  15 spriggans (Lair:5)
  17 water elementals
  2 fire elementals
  39 yaks
  10 wraiths
  4 basilisks
  A vampire (D:10)
  Eustachio (D:5)
  11 vampire mosquitoes
  2 chaos spawn (Abyss:3)
  A golden eye (shapeshifter) (D:13)
  4 redbacks (Vaults:2)
  2 steam dragons
  A spatial vortex (Abyss:3)
  6 hell hounds (Snake:1)
  45 nagas
  20 water moccasins
  4 large abominations (Abyss:3)
  33 orc warriors
  2 sky beasts
  2 ice beasts
  42 ogres
  5 black bears
  8 boggarts
  19 centaurs
  20 wolves
  5 small abominations (Abyss:3)
  2 kobold brigands
  Blork the orc (D:6)
  4 necrophages
  A scorpion (D:6)
  A gnoll sergeant (D:9)
  13 bullfrogs
  3 water moccasin zombies (Ossuary)
  A cane toad simulacrum (Lair:3)
  11 wights
  2 elephant simulacra (Lair:3)
  11 killer bees
  A howler monkey (D:3)
  8 electric eels
  A quasit (Abyss:3)
  7 jellies
  21 orc priests
  2 hounds
  Ijyb (D:4)
  A gnoll bouda (D:7)
  6 iguanas
  29 orc wizards
  A polar bear simulacrum (Lair:3)
  2 mummies (Ossuary)
  Robin (D:2)
  17 gnolls
  10 adders
  3 shadow imps
  2 white imps
  4 adder zombies (Ossuary)
  3 worms
  A dart slug (D:2)
  72 orcs
  9 bats
  7 endoplasms
  2 giant cockroaches
  3 gnoll zombies (Ossuary)
  18 hobgoblins
  10 jackals
  6 quokkas
  8 ball pythons
  7 frilled lizards
  20 goblins
  5 hobgoblin zombies (Ossuary)
  16 kobolds
  2 kobold zombies (Ossuary)
  8 orc zombies (Ossuary)
  5 rats
  2 pillars of salt (Vaults:2)
  3 starspawn tentacles (Abyss:3)
  2 tentacles (Shoals:2)
1461 creatures vanquished.

Vanquished Creatures (others)
  A nagaraja (Snake:3)
  A manticore (Shoals:4)
  An orc wizard (Orc:1)
  A bush (D:5)
  12 fungi
  7 pillars of salt (Vaults:2)
  84 plants
  A starspawn tentacle (Abyss:3)
  4 tentacles (Shoals:2)
112 creatures vanquished.

Grand Total: 1573 creatures vanquished

Notes
Turn   | Place    | Note
-------+----------+-------------------------------------------
     0 | D:1      | Reached skill level 10 in Armour
     0 | D:1      | Rangus the Gnoll Wanderer began the quest for the Orb.
     0 | D:1      | Rangus set off with the following items: a +0 dagger, a
                  | scroll of summoning, a scroll of teleportation, a +0 scale
                  | mail, a scroll of blinking, a potion of brilliance.
     0 | D:1      | Reached XP level 1. HP: 17/17 MP: 1/1
   254 | D:1      | Reached XP level 2. HP: 23/23 MP: 2/2
   910 | D:1      | Found a faded altar of an unknown god.
  1051 | D:2      | Reached XP level 3. HP: 28/28 MP: 3/3
  1207 | D:2      | Reached skill level 1 in Invocations
  1484 | D:2      | Reached skill level 1 in Short Blades
  1484 | D:2      | Reached skill level 1 in Long Blades
  1484 | D:2      | Reached skill level 1 in Axes
  1484 | D:2      | Reached skill level 1 in Maces & Flails
  1484 | D:2      | Reached skill level 1 in Polearms
  1484 | D:2      | Reached skill level 1 in Staves
  1484 | D:2      | Reached skill level 1 in Ranged Weapons
  1484 | D:2      | Reached skill level 1 in Throwing
  1484 | D:2      | Reached skill level 1 in Stealth
  1484 | D:2      | Reached skill level 1 in Shields
  1484 | D:2      | Reached skill level 1 in Spellcasting
  1484 | D:2      | Reached skill level 1 in Evocations
  1500 | D:2      | Reached XP level 4. HP: 32/34 MP: 5/5
  1530 | D:2      | Noticed Robin
  1562 | D:2      | Reached skill level 1 in Conjurations
  1562 | D:2      | Reached skill level 1 in Hexes
  1562 | D:2      | Reached skill level 1 in Summonings
  1562 | D:2      | Reached skill level 1 in Necromancy
  1562 | D:2      | Reached skill level 1 in Translocations
  1562 | D:2      | Reached skill level 1 in Transmutations
  1562 | D:2      | Reached skill level 1 in Fire Magic
  1562 | D:2      | Reached skill level 1 in Ice Magic
  1562 | D:2      | Reached skill level 1 in Air Magic
  1562 | D:2      | Reached skill level 1 in Earth Magic
  1562 | D:2      | Reached skill level 1 in Poison Magic
  1564 | D:2      | Killed Robin
  2163 | D:2      | Found a sparkling altar of Nemelex Xobeh.
  2625 | D:3      | Reached XP level 5. HP: 40/40 MP: 5/7
  3280 | D:4      | Noticed Ijyb
  3311 | D:4      | Found a snail-covered altar of Cheibriados.
  3339 | D:4      | Noticed a lemure
  3341 | D:4      | Noticed Pikel
  3341 | D:4      | Noticed a lemure
  3341 | D:4      | Noticed a lemure
  3369 | D:3      | Reached XP level 6. HP: 25/47 MP: 8/8
  4162 | D:4      | Found a white marble altar of Elyvilon.
  4180 | D:4      | Found a burning altar of Makhleb.
  4199 | D:4      | Paralysed by Ijyb for 2 turns
  4223 | D:4      | Killed Ijyb
  4462 | D:4      | Reached XP level 7. HP: 49/52 MP: 10/10
  4555 | D:5      | Entered Level 5 of the Dungeon
  4578 | D:5      | Found an iron altar of Okawaru.
  4578 | D:5      | Found a bloodstained altar of Trog.
  4590 | D:5      | Became a worshipper of Warmaster Okawaru
  4734 | D:5      | Found Zovvomi's Weapon Boutique.
  4772 | D:5      | Noticed a wraith
  4808 | D:5      | Noticed Eustachio
  5300 | D:4      | Killed Pikel
  5300 | D:4      | Reached * piety under Okawaru
  5301 | D:4      | Reached skill level 11 in Armour
  5301 | D:4      | Reached XP level 8. HP: 21/60 MP: 11/13
  5649 | D:6      | Found a staircase to the Ecumenical Temple.
  5712 | D:6      | Noticed Maggie
  5713 | D:6      | Noticed Blork the orc
  5734 | D:6      | Killed Maggie
  5744 | D:6      | Killed Blork the orc
  5744 | D:6      | Reached ** piety under Okawaru
  5750 | D:6      | Identified the ring "Torchosma" {rCorr Slay+6}
  5974 | D:6      | HP: 3/61 [orc priest/divine providence (15)]
  6051 | D:6      | Reached XP level 9. HP: 55/66 MP: 14/14
  6354 | D:6      | Reached skill level 5 in Fighting
  6354 | D:6      | Reached skill level 5 in Dodging
  6659 | D:7      | Found a shadowy altar of Dithmenos.
  7247 | D:7      | Reached skill level 5 in Invocations
  7515 | D:7      | Noticed a hornet
  7520 | D:7      | Killed a hornet
  7520 | D:7      | Reached *** piety under Okawaru
  7643 | D:7      | Found a radiant altar of Vehumet.
  7736 | D:7      | Found a blossoming altar of Fedhas.
  8096 | D:8      | Noticed a two-headed ogre
  8102 | D:8      | Killed a two-headed ogre
  8103 | D:8      | Reached skill level 5 in Short Blades
  8103 | D:8      | Reached skill level 5 in Long Blades
  8103 | D:8      | Reached skill level 5 in Axes
  8103 | D:8      | Reached skill level 5 in Maces & Flails
  8103 | D:8      | Reached skill level 5 in Polearms
  8103 | D:8      | Reached skill level 5 in Staves
  8103 | D:8      | Reached skill level 5 in Ranged Weapons
  8103 | D:8      | Reached skill level 5 in Throwing
  8103 | D:8      | Reached skill level 5 in Stealth
  8103 | D:8      | Reached skill level 5 in Shields
  8103 | D:8      | Reached skill level 5 in Spellcasting
  8103 | D:8      | Reached skill level 5 in Evocations
  8103 | D:8      | Reached XP level 10. HP: 60/76 MP: 14/17
  8194 | D:8      | Found Nusilemm's Antique Armour Emporium.
  8253 | D:8      | Found a sand-covered staircase.
  8262 | Ossuary  | Entered an ossuary
  8634 | D:8      | Found a hide-covered altar of Uskayaw.
  9109 | D:8      | Found Qupoux's Distillery.
  9117 | D:8      | Bought a potion of mutation for 128 gold pieces
  9117 | D:8      | Bought a potion of might for 64 gold pieces
  9919 | D:5      | Found an opulent altar of Gozag.
 10583 | D:5      | Killed Eustachio
 10804 | D:9      | Found a glowing silver altar of Zin.
 10986 | D:9      | Reached **** piety under Okawaru
 11037 | D:9      | Found a flagged portal.
 11044 | Bailey   | Entered a bailey
 11097 | Bailey   | Reached skill level 12 in Armour
 11245 | Bailey   | Reached skill level 5 in Conjurations
 11245 | Bailey   | Reached skill level 5 in Hexes
 11245 | Bailey   | Reached skill level 5 in Summonings
 11245 | Bailey   | Reached skill level 5 in Necromancy
 11245 | Bailey   | Reached skill level 5 in Translocations
 11245 | Bailey   | Reached skill level 5 in Transmutations
 11245 | Bailey   | Reached skill level 5 in Fire Magic
 11245 | Bailey   | Reached skill level 5 in Ice Magic
 11245 | Bailey   | Reached skill level 5 in Air Magic
 11245 | Bailey   | Reached skill level 5 in Earth Magic
 11245 | Bailey   | Reached skill level 5 in Poison Magic
 11245 | Bailey   | Reached XP level 11. HP: 64/83 MP: 17/20
 11295 | Bailey   | Noticed an orc knight
 11315 | Bailey   | Killed an orc knight
 11550 | Bailey   | Noticed an orc warlord
 11574 | Bailey   | Killed an orc warlord
 11592 | Bailey   | Found the +6 Majin-Bo {vamp, MP+6 Int+6}
 11945 | D:9      | Acquired 652 gold pieces
 11947 | D:9      | Acquired the amulet of Traps {RegenMP Rampage Dex+5 Stlth+}
 12032 | D:5      | Bought the +5 demon whip "Spellbinder" {antimagic, Will+}
                  | for 1073 gold pieces
 12032 | D:5      | Found the +5 demon whip "Spellbinder" {antimagic, Will+}
 12241 | D:9      | Found a hazy altar of Hepliaklqana.
 12466 | D:9      | Found a sacrificial altar of Ru.
 12506 | D:9      | Noticed Gastronok
 12519 | D:9      | Killed Gastronok
 12519 | D:9      | Received a gift from Okawaru
 12519 | D:9      | Received a gift from Okawaru
 12519 | D:9      | Reached ***** piety under Okawaru
 12950 | D:10     | Entered Level 10 of the Dungeon
 13116 | D:10     | Found a transporter.
 13153 | D:10     | Noticed Erolcha
 13640 | D:10     | Found a shimmering blue altar of Sif Muna.
 13740 | D:10     | Noticed a two-headed ogre
 13744 | D:10     | Killed a two-headed ogre
 14204 | D:10     | Found a transporter.
 14513 | D:10     | Killed Erolcha
 14513 | D:10     | Received a gift from Okawaru
 14580 | D:11     | Noticed a boulder beetle
 14580 | D:11     | Noticed a seven-headed hydra
 14613 | D:11     | Killed a boulder beetle
 14614 | D:11     | Reached XP level 12. HP: 18/91 MP: 7/22
 14933 | D:11     | Noticed a two-headed ogre
 14938 | D:11     | Killed a two-headed ogre
 14969 | D:11     | Received a gift from Okawaru
 15003 | D:11     | Killed a seven-headed hydra
 15232 | D:11     | Found a shimmering blue altar of Sif Muna.
 15434 | D:11     | Found a staircase to the Lair.
 15460 | D:11     | Reached skill level 10 in Unarmed Combat
 16581 | D:12     | Noticed Josephine
 16594 | D:12     | Killed Josephine
 16597 | D:12     | Identified the +12 longbow "Zecing" {speed, Str+6 Int+6
                  | Dex-5} (Okawaru gifted it to you on level 12 of the
                  | Dungeon)
 16597 | D:12     | Received a gift from Okawaru
 16688 | D:12     | Found a staircase to the Orcish Mines.
 16955 | D:12     | Reached skill level 13 in Armour
 16955 | D:12     | Noticed Lodul
 16958 | D:12     | Noticed Urug
 17189 | D:12     | Killed Urug
 17496 | D:12     | Reached XP level 13. HP: 68/99 MP: 8/25
 17505 | D:12     | Killed Lodul
 17505 | D:12     | Identified the +14 crystal plate armour "Wygisu" {Harm}
                  | (Okawaru gifted it to you on level 12 of the Dungeon)
 17505 | D:12     | Received a gift from Okawaru
 18187 | Orc:1    | Entered Level 1 of the Orcish Mines
 18431 | Orc:2    | Entered Level 2 of the Orcish Mines
 18888 | Orc:2    | Found a staircase to the Elven Halls.
 19555 | Orc:2    | Received a gift from Okawaru
 19674 | Orc:2    | Reached ****** piety under Okawaru
 19677 | Orc:2    | Found Cokhlulet's Assorted Antiques.
 19677 | Orc:2    | Found Xeasaj's Jewellery Emporium.
 19678 | Orc:2    | Found Ujifiq's Antique Weapon Emporium.
 19678 | Orc:2    | Found Ralleo's Antique Armour Boutique.
 19692 | Orc:2    | Bought a faintly humming cloak for 209 gold pieces
 19692 | Orc:2    | Identified the +1 cloak of Ehoerum {Dex+4} (You bought it
                  | in a shop on level 2 of the Orcish Mines)
 19696 | Orc:2    | Bought a scroll of identify for 62 gold pieces
 19696 | Orc:2    | Bought a scroll of identify for 62 gold pieces
 20001 | Orc:1    | Identified the +9 plate armour "Asemor" {rF+ Will- Regen+
                  | Dex+7} (Okawaru gifted it to you on level 1 of the Orcish
                  | Mines)
 20001 | Orc:1    | Received a gift from Okawaru
 20014 | Orc:1    | Noticed an ettin
 20019 | Orc:1    | Killed an ettin
 20020 | Orc:1    | Reached skill level 10 in Invocations
 20020 | Orc:1    | Reached XP level 14. HP: 95/108 MP: 27/27
 20551 | Lair:1   | Entered Level 1 of the Lair of Beasts
 20739 | Lair:1   | Identified the +12 mace of the Demagogue {spect, Will-
                  | Dex+5}
 21977 | Lair:2   | Reached skill level 10 in Fighting
 21977 | Lair:2   | Reached skill level 10 in Dodging
 22402 | Lair:2   | Received a gift from Okawaru
 22510 | Lair:2   | Found a snail-covered altar of Cheibriados.
 22517 | Lair:2   | Reached skill level 14 in Armour
 23334 | Lair:3   | Found a staircase to the Snake Pit.
 23715 | Lair:3   | Found a staircase to the Shoals.
 24384 | Lair:4   | Identified the +5 hand crossbow of Generosity {penet, rN++}
                  | (Okawaru gifted it to you on level 4 of the Lair of Beasts)
 24384 | Lair:4   | Received a gift from Okawaru
 24421 | Lair:3   | Reached skill level 10 in Short Blades
 24421 | Lair:3   | Reached skill level 10 in Long Blades
 24421 | Lair:3   | Reached skill level 10 in Axes
 24421 | Lair:3   | Reached skill level 10 in Maces & Flails
 24421 | Lair:3   | Reached skill level 10 in Polearms
 24421 | Lair:3   | Reached skill level 10 in Staves
 24421 | Lair:3   | Reached skill level 10 in Ranged Weapons
 24421 | Lair:3   | Reached skill level 10 in Throwing
 24421 | Lair:3   | Reached skill level 10 in Stealth
 24421 | Lair:3   | Reached skill level 10 in Shields
 24421 | Lair:3   | Reached skill level 10 in Spellcasting
 24421 | Lair:3   | Reached skill level 10 in Evocations
 25022 | Lair:4   | Reached XP level 15. HP: 94/117 MP: 9/29
 25482 | Lair:4   | Found a viscous altar of Jiyva.
 25483 | Lair:4   | Found a staircase to the Slime Pits.
 25555 | Lair:5   | Entered Level 5 of the Lair of Beasts
 25976 | Lair:5   | Identified the +0 robe "Upruis" {rC++ Str-2 Dex+4 Slay+2}
                  | (Okawaru gifted it to you on level 5 of the Lair of Beasts)
 25976 | Lair:5   | Received a gift from Okawaru
 27272 | Slime:1  | Entered Level 1 of the Pits of Slime
 27275 | Slime:1  | Paralysed by a great orb of eyes for 2 turns
 27544 | Lair:4   | Acquired 998 gold pieces
 27546 | Lair:4   | Acquired 563 gold pieces
 27693 | D:8      | Bought a shiny tower shield for 255 gold pieces
 28397 | Slime:1  | Gained mutation: You are occasionally teleported next to
                  | monsters. [a shining eye]
 28399 | Slime:1  | Lost mutation: You are occasionally teleported next to
                  | monsters. [potion of mutation]
 28399 | Slime:1  | Gained mutation: Armour fits poorly on your strangely
                  | shaped body. [potion of mutation]
 28400 | Slime:1  | Lost mutation: Armour fits poorly on your strangely shaped
                  | body. [potion of mutation]
 28400 | Slime:1  | Gained mutation: You have hidden genetic defects. [potion
                  | of mutation]
 28400 | Slime:1  | Gained mutation: You are partially covered in iridescent
                  | scales. (AC +2) [potion of mutation]
 28401 | Slime:1  | Lost mutation: You have hidden genetic defects. [potion of
                  | mutation]
 28401 | Slime:1  | Lost mutation: You are partially covered in iridescent
                  | scales. (AC +2) [potion of mutation]
 28401 | Slime:1  | Gained mutation: You possess an exceptional clarity of
                  | mind. [potion of mutation]
 28401 | Slime:1  | Gained mutation: You expend magic power (3 MP) to
                  | strengthen your wands. [potion of mutation]
 28401 | Slime:1  | Gained mutation: You have large cloven feet. [potion of
                  | mutation]
 28516 | Snake:1  | Entered Level 1 of the Snake Pit
 28516 | Snake:1  | Noticed Roxanne
 28532 | Snake:1  | Killed Roxanne
 28580 | Snake:1  | Received a gift from Okawaru
 28609 | Snake:1  | Found a flickering gateway to a bazaar.
 28618 | Bazaar   | Entered a bazaar
 28618 | Bazaar   | Found Fofro's Book Emporium.
 28618 | Bazaar   | Found Nadghosh's Weapon Emporium.
 28619 | Bazaar   | Found Pyrurin's General Store.
 28619 | Bazaar   | Found Gupiska's Armour Shoppe.
 28636 | Bazaar   | Bought a +1 pair of boots of stealth for 214 gold pieces
 28640 | Bazaar   | Bought a scarf of resistance for 352 gold pieces
 28827 | Snake:1  | Identified the +1 pair of gloves of the New World {Int+3
                  | Stlth+}
 28902 | Snake:1  | Received a gift from Okawaru
 29146 | Snake:1  | Reached XP level 16. HP: 125/125 MP: 30/30
 29197 | Snake:1  | Noticed Donald
 29199 | Snake:1  | Noticed Azrael
 29574 | Snake:1  | Killed Azrael
 29745 | D:13     | Noticed Sonja
 29748 | D:13     | Killed Sonja
 29819 | D:13     | Identified the +3 pair of gloves of Disappointment {Rampage
                  | rC- Str+2 SInv} (Okawaru gifted it to you on level 13 of
                  | the Dungeon)
 29819 | D:13     | Received a gift from Okawaru
 30529 | D:13     | Found a gate to the Vaults.
 30561 | D:13     | Reached skill level 15 in Armour
 31324 | D:14     | Noticed Snorg
 31330 | D:14     | Killed Snorg
 31508 | D:14     | Found Duufucyd's Book Shop.
 31715 | D:15     | Entered Level 15 of the Dungeon
 31716 | D:15     | Found a portal to a secret trove of treasure.
 31735 | D:15     | Received a gift from Okawaru
 32629 | D:15     | Received a gift from Okawaru
 33464 | D:15     | Found a staircase to the Depths.
 33784 | Shoals:1 | Entered Level 1 of the Shoals
 33798 | Shoals:1 | Received a gift from Okawaru
 33925 | Shoals:1 | Reached XP level 17. HP: 133/133 MP: 32/32
 34273 | Shoals:1 | Reached skill level 10 in Conjurations
 34273 | Shoals:1 | Reached skill level 10 in Hexes
 34273 | Shoals:1 | Reached skill level 10 in Summonings
 34273 | Shoals:1 | Reached skill level 10 in Necromancy
 34273 | Shoals:1 | Reached skill level 10 in Translocations
 34273 | Shoals:1 | Reached skill level 10 in Transmutations
 34273 | Shoals:1 | Reached skill level 10 in Fire Magic
 34273 | Shoals:1 | Reached skill level 10 in Ice Magic
 34273 | Shoals:1 | Reached skill level 10 in Air Magic
 34273 | Shoals:1 | Reached skill level 10 in Earth Magic
 34273 | Shoals:1 | Reached skill level 10 in Poison Magic
 35222 | Shoals:1 | Received a gift from Okawaru
 35249 | Shoals:2 | Noticed a kraken
 35260 | Shoals:2 | Killed a kraken
 35519 | Shoals:2 | Found Loguzuwn's Book Emporium.
 36755 | Shoals:3 | Noticed Polyphemus
 36766 | Shoals:3 | Killed Polyphemus
 37299 | Shoals:4 | Entered Level 4 of the Shoals
 37367 | Shoals:4 | Received a gift from Okawaru
 37369 | Shoals:4 | Identified the +2 robe "Fiwo" {MP+9}
 38181 | Shoals:4 | Reached XP level 18. HP: 98/142 MP: 34/34
 38419 | Shoals:4 | Received a gift from Okawaru
 38566 | Shoals:4 | Got a barnacled rune of Zot
 38973 | Shoals:4 | Got the Discursus on Helpful Forms
 39470 | Shoals:4 | Reached skill level 16 in Armour
 39813 | Vaults:1 | Entered Level 1 of the Vaults
 39831 | Vaults:1 | Noticed a lich
 39848 | Vaults:1 | Received a gift from Okawaru
 39849 | Vaults:1 | Killed a lich
 40027 | Vaults:1 | Received a gift from Okawaru
 40528 | Vaults:1 | Paralysed by a great orb of eyes for 5 turns
 40545 | Vaults:1 | Received a gift from Okawaru
 40671 | Vaults:1 | Received a gift from Okawaru
 40964 | Vaults:1 | You fall into a shaft and drop 1 floor!
 40975 | Vaults:2 | Identified the +7 quarterstaff of Zeduakh {vorpal, rF+
                  | Will+++ Dex-2 Stlth+} (Okawaru gifted it to you on level 2
                  | of the Vaults)
 40975 | Vaults:2 | Received a gift from Okawaru
 41066 | Vaults:2 | Received a gift from Okawaru
 41079 | Vaults:2 | Identified the +2 helmet of Sinlagun {Rampage rF+ Str+3}
                  | (Okawaru gifted it to you on level 2 of the Vaults)
 41079 | Vaults:2 | Received a gift from Okawaru
 41090 | Vaults:2 | Reached XP level 19. HP: 101/150 MP: 36/36
 41215 | Vaults:2 | Found a crumbling gateway.
 41223 | Desolati | Entered the Desolation of Salt
 41714 | Vaults:1 | Found a runed translucent door.
 41715 | Vaults:1 | Found a shimmering altar of Xom.
 41715 | Vaults:1 | Noticed vegansnacktivist's ghost (adept DDFi)
 41918 | Vaults:1 | Found a transporter.
 41930 | Vaults:1 | Found a transporter.
 41975 | Vaults:1 | Identified the ring "Orphizaty" {rElec rF+ Will- Slay+3
                  | SInv}
 42309 | Snake:1  | Killed Donald
 42729 | Snake:1  | Received a gift from Okawaru
 43149 | Snake:2  | Reached skill level 15 in Unarmed Combat
 43390 | Snake:2  | Noticed Vashnia
 43428 | Snake:2  | Killed Vashnia
 43494 | Snake:2  | Received a gift from Okawaru
 43890 | Snake:2  | Reached skill level 15 in Invocations
 44056 | Snake:2  | Received a gift from Okawaru
 44367 | Snake:2  | Reached skill level 17 in Armour
 44398 | Snake:2  | Reached XP level 20. HP: 78/159 MP: 37/37
 45026 | Snake:3  | Noticed Saint Roka
 45181 | Snake:3  | Found Imatuxuz's General Store.
 45256 | Snake:3  | Killed Saint Roka
 45466 | Snake:3  | Found Veab's Jewellery Emporium.
 45466 | Snake:3  | Found Fufo's Book Shoppe.
 45468 | Snake:3  | Found Obiel's Antique Armour Emporium.
 45469 | Snake:3  | Found Ipolib's Antique Armour Shoppe.
 45477 | Snake:3  | Bought a blackened tower shield for 285 gold pieces
 45477 | Snake:3  | Identified the +0 tower shield of Proximity {rF+ Will++}
                  | (You bought it in a shop on level 3 of the Snake Pit)
 45640 | Snake:3  | Found Ropasin's CLEARANCE SALE!.
 45651 | Snake:3  | Received a gift from Okawaru
 45676 | Snake:3  | Bought a potion of berserk rage for 35 gold pieces
 45843 | Snake:3  | Found a runed translucent door.
 45845 | Snake:3  | Noticed Ulithrugho's ghost (adept GrFi)
 45858 | Snake:3  | Killed Ulithrugho's ghost
 45860 | Snake:3  | Identified the ring "Xyhius" {Ice +Blink Stlth+}
 45863 | Snake:3  | Got Deyfumut's Lost Secrets of Wizardry
 46105 | Snake:4  | Entered Level 4 of the Snake Pit
 46282 | Snake:4  | Identified the +4 long sword of Wu Jian's Grace {elec,
                  | Dex+3}
 46582 | Snake:4  | Found Pudwiah's Antique Armour Boutique.
 46588 | Snake:4  | Bought a pair of polished boots for 313 gold pieces
 46588 | Snake:4  | Identified the +0 pair of boots of the Crypt {rF+ rN+ Int-5
                  | Slay+2} (You bought it in a shop on level 4 of the Snake
                  | Pit)
 46742 | Snake:4  | Identified the +2 pair of boots "Gecem" {rElec rF+ Stlth+}
                  | (Okawaru gifted it to you on level 4 of the Snake Pit)
 46742 | Snake:4  | Received a gift from Okawaru
 46822 | Snake:3  | Bought the ring "Gemer" {rF+ rN+ Str+4 Dex-2 SInv} for 579
                  | gold pieces
 48615 | Snake:4  | Got a serpentine rune of Zot
 49414 | Elf:1    | Entered Level 1 of the Elven Halls
 49418 | Elf:1    | Paralysed by an air elemental for 1 turns
 49467 | Elf:1    | Paralysed by an air elemental for 1 turns
 49470 | Elf:1    | Paralysed by an air elemental for 1 turns
 49474 | Elf:1    | Paralysed by an air elemental for 1 turns
 49693 | Elf:1    | You fall into a shaft and drop 1 floor!
 49711 | Elf:2    | Reached XP level 21. HP: 167/167 MP: 13/39
 49744 | Elf:2    | Noticed Louise
 49747 | Abyss:3  | Cast into level 3 of the Abyss (Louise)
 49768 | Abyss:3  | Found a corrupted altar of Lugonu.
 49818 | Abyss:3  | Identified the +2 pair of boots of Words of Power {rF+ rN+
                  | MP+9 Stlth+} (Okawaru gifted it to you on level 3 of the
                  | Abyss)
 49818 | Abyss:3  | Received a gift from Okawaru
 50136 | Abyss:3  | Reached skill level 15 in Fighting
 50136 | Abyss:3  | Reached skill level 15 in Dodging
 50202 | Abyss:3  | Paralysed by accursed screaming for 1 turns
 50209 | Abyss:3  | Paralysed by accursed screaming for 2 turns
 50210 | Abyss:3  | Killed from afar by a starcursed mass

Illustrated notes

Levels and vault maps discovered:
D:1:      dpeg_arrival_arbitrary_c, layout_loops_cross,
          shapermc_ecumenical_altar_mp_urbaneastern
D:2:      minmay_chambers_of_ones, layout_basic, basic_altar, st_stairs_4,
          hangedman_decor_lopped, chequers_decorated_corner, uniq_robin
D:3:      minmay_angry_zag, layout_basic
D:4:      layout_cave_pools, grunt_temple_overflow_open,
          mainiacjoe_overflow_six_doors_small, lexackson_kobold_supper,
          uniq_ijyb, uniq_pikel
D:5:      layout_cave_pools, grunt_temple_overflow_bloody_war,
          nicolae_gozag_cash_rules_everything_around_me, serial_shops,
          kennysheep_mini_moat, kb_lookout_dungeons_type, uniq_eustachio
D:6:      layout_rooms, temple_statues, minivault_22, abandoned_shop,
          kennysheep_boxes, uniq_blork_the_orc, uniq_maggie
D:7:      layout_layer_cave, lemuel_crystal_altar, kennysheep_little_box,
          old_standard_altar, chequers_avenue
D:8:      layout_rooms, mainiacjoe_overflow_cross_hatched,
          nicolae_ossuary_entry_monument, serial_shops,
          nicolae_shop_hallway_stairs, nicolae_shop_overgrown_old_shop,
          serial_co_window_serial, co_window_corner_a, co_window_corner_a,
          co_window_cross_1, co_window_corner_a, co_window_paths_a,
          co_window_broadway_c, co_window_corner_cb, co_window_broadway_b,
          co_window_broadway_a, co_window_paths_d, st_stairs_2,
          chequers_serial_rivers_micro_d
D:9:      layout_basic, mainiacjoe_overflow_24_doors,
          nicolae_ru_great_annihilating_truth, mainiacjoe_overflow_alcove_2,
          enter_bailey_2, nicolae_water_bricks, uniq_gastronok
D:10:     nicolae_BIG_FREAKIN_CUBE, layout_basic, lemuel_coloured_pillars_altar,
          dk_noncrumbling_2, nicolae_diode_stairs, uniq_erolcha
D:11:     layout_basic, david_lair_generic, serial_co_window_serial,
          co_window_paths_b, co_window_paths_b, co_window_corner_a,
          co_window_of_opportunity_a, co_window_paths_b, co_window_2corner,
          co_window_corner_ca, co_window_corner_cb, co_window_2corner,
          co_window_4corner_a, glass_columns_b, kennysheep_orc_sif_temple
D:12:     layout_small_grid, orc_0_dummy, serial_rivers,
          chequers_serial_rivers_micro_e, chequers_serial_rivers_small_a,
          chequers_serial_rivers_small_b, chequers_serial_rivers_micro_e,
          uniq_urug, uniq_lodul, uniq_josephine
D:13:     layout_loops_ring, skrybe_vaults_entry_preservation, uniq_sonja
D:14:     minmay_connected_triangles_in_corner, layout_gridville, serial_shops,
          nicolae_shop_temple_entry_statues_fountains, grunt_decor_fettered,
          uniq_snorg
D:15:     hangedman_depths_entry_try_elsewhere_first, layout_layer_cave,
          kennysheep_flooded_box, nicolae_trove_entry_isolated,
          nrook_pool_corridor
Lair:1:   layout_roguey, lemuel_fruit_fields
Lair:2:   layout_regular_city, kennysheep_snail_temple, grunt_megastairs_1
Lair:3:   minmay_lair_oklob_chamber, layout_hall_layers,
          elwin_shoals_entry_stream, minmay_snake_entry_six_corridors,
          portal_ice_cave_entry_ice_simulacra, grunt_megastairs_3
Lair:4:   layout_cave_shapes, dpeg_slime_entry_enclosed, st_stairs_7
Lair:5:   minmay_lair_end_enchanted_forest, layout_cave_pods,
          serial_bayou_shore_a
Shoals:1: layout_shoals, nicolae_shoals_water_shrine
Shoals:2: layout_shoals, serial_shops, shop
Shoals:3: layout_shoals, uniq_polyphemus
Shoals:4: shoals_end_simple, layout_shoals, nicolae_shoals_circle_sea_wall
Snake:1:  layout_onion, serial_shops, bzr_entry_dummy, drop_trap,
          dpeg_stationary_puzzle, lemuel_fruit_tree, uniq_donald, uniq_azrael
Snake:2:  cheibrodos_snake_lava_hold, layout_misc_corridors, minmay_snake_pond,
          uniq_vashnia
Snake:3:  layout_misc_corridors, gammafunk_ghost_grave, serial_shops, shop,
          nicolae_shop_clearance, minmay_shoptagon, serial_bayou_shore_b,
          uniq_saint_roka
Snake:4:  grunt_snake_rune_pools, layout_concentric_octagons,
          nicolae_snake_omega, minmay_shop_star
Slime:1:  layout_caves
Orc:1:    nicolae_orc_accident_2, layout_caves
Orc:2:    st_orc_ogre_mass, layout_diamond_mine, minmay_orc_keep
Elf:1:    layout_rooms, serial_shops, nicolae_shop_statue_plus,
          minmay_elf_crystal_hexagon
Elf:2:    nicolae_elf_blades_splatter_lattice
          [nicolae_blade_entry_hurt_lockers], layout_rooms,
          hangedman_elf_represent, uniq_louise
Vaults:1: ebering_ghost_xom, v_pattern_3, v_misc_13, hangedman_vaults_slice,
          ontoclasm_vaults_ligature, v_alt_pattern_5, hangedman_vaults_hat,
          nicolae_vaults_network_periphery, vaults_dpeg_ring, v_misc_23,
          v_misc_13, gammafunk_sealed_arena, ontoclasm_vaults_pinch, v_rooms_1,
          ontoclasm_vaults_ring_square, layout_vaults_omnibox
Vaults:2: portal_desolation_entry_garden, v_misc_19, v_rooms_4, v_pattern_2,
          v_misc_10, minmay_crypt_entry_necro_gods, grunt_vaults_diagonal,
          nicolae_vaults_big_ls, v_misc_14, nicolae_vaults_theta, v_misc_32,
          nicolae_vaults_border_crossing, nicolae_vaults_circle_grid_a,
          nicolae_vaults_little_squares_3, vaults_room_pools,
          layout_vaults_omnicross, uniq_nikola
Abyss:3:  base: Vaults:3, hangedman_abyss_sting, evilmike_abyss_exit_plants,
          evilmike_nicolae_abyss_rune_containment_curve

Skill      XL: |  1  2  3  4  5  6  7  8  9 10 11 12 13 14 15 16 17 18 19 20 21 |
---------------+----------------------------------------------------------------+-----
Armour         | 11 12 13 14 15 16 17 | 17.7
Invocations    | 1 2 3 4 5 6 7 8 10 11 12 13 14 15 16 | 16.0
Short Blades   | 1 2 3 5 6 7 8 9 10 11 12 13 14 | 14.7
Long Blades    | 1 2 3 5 6 7 8 9 10 11 12 13 14 | 14.7
Axes           | 1 2 3 5 6 7 8 9 10 11 12 13 14 | 14.7
Maces & Flails | 1 2 3 5 6 7 8 9 10 11 12 13 14 | 14.7
Polearms       | 1 2 3 5 6 7 8 9 10 11 12 13 14 | 14.7
Staves         | 1 2 3 5 6 7 8 9 10 11 12 13 14 | 14.7
Ranged Weapons | 1 2 3 5 6 7 8 9 10 11 12 13 14 | 14.7
Throwing       | 1 2 3 5 6 7 8 9 10 11 12 13 14 | 14.7
Stealth        | 1 2 3 5 6 7 8 9 10 11 12 13 14 | 14.7
Shields        | 1 2 3 5 6 7 8 9 10 11 12 13 14 | 14.7
Spellcasting   | 1 2 3 5 6 7 8 9 10 11 12 13 14 | 14.7
Evocations     | 1 2 3 5 6 7 8 9 10 11 12 13 14 | 14.7
Conjurations   | 1 2 3 4 5 6 7 8 9 10 11 12 | 12.5
Hexes          | 1 2 3 4 5 6 7 8 9 10 11 12 | 12.5
Summonings     | 1 2 3 4 5 6 7 8 9 10 11 12 | 12.5
Necromancy     | 1 2 3 4 5 6 7 8 9 10 11 12 | 12.5
Translocations | 1 2 3 4 5 6 7 8 9 10 11 12 | 12.5
Transmutations | 1 2 3 4 5 6 7 8 9 10 11 12 | 12.5
Fire Magic     | 1 2 3 4 5 6 7 8 9 10 11 12 | 12.5
Ice Magic      | 1 2 3 4 5 6 7 8 9 10 11 12 | 12.5
Air Magic      | 1 2 3 4 5 6 7 8 9 10 11 12 | 12.5
Earth Magic    | 1 2 3 4 5 6 7 8 9 10 11 12 | 12.5
Poison Magic   | 1 2 3 4 5 6 7 8 9 10 11 12 | 12.5
Fighting       | 3 4 5 6 7 8 9 10 11 12 13 14 15 | 15.0
Dodging        | 3 4 5 6 7 8 9 10 11 12 13 14 15 | 15.0
Unarmed Combat | 7 8 9 10 11 12 13 14 15 16 | 16.0

Action                   |  1- 3 |  4- 6 |  7- 9 | 10-12 | 13-15 | 16-18 | 19-21 || total
-------------------------+-------+-------+-------+-------+-------+-------+-------++-------
Melee: Unarmed           |   128 |   241 |   230 |   297 |       |       |       ||   896
       Bite              |    14 |    22 |    34 |    99 |    66 |    22 |     8 ||   265
       Punch             |     6 |    11 |    12 |    45 |    35 |       |       ||   109
       Demon whip        |       |       |       |   293 |   397 |    37 |    24 ||   751
       Mace              |       |       |       |       |    33 |    98 |    26 ||   157
 Fire: Longbow           |       |       |       |    42 |   373 |       |       ||   415
       Hand crossbow     |       |       |       |       |   216 |   909 |   891 ||  2016
Throw: Boomerang         |       |       |    26 |    37 |     3 |       |       ||    66
       Throwing net      |       |       |       |     1 |       |       |       ||     1
Invok: Heroism           |       |       |     9 |    28 |    40 |    46 |    30 ||   153
       Finesse           |       |       |       |     2 |     2 |    10 |     4 ||    18
Evoke: Wand              |       |       |       |       |     2 |       |       ||     2
  Use: Potion            |       |     3 |     5 |     6 |     6 |     6 |    15 ||    41
       Scroll            |       |     2 |     4 |    12 |    18 |     6 |     6 ||    48
 Stab: Sleeping          |       |       |       |     9 |       |       |       ||     9
       Distracted        |       |       |       |     3 |     6 |     6 |     1 ||    16
       Petrified         |       |       |       |       |     1 |       |       ||     1
       Petrifying        |       |       |       |       |       |     1 |       ||     1
Armor: Scale mail        |    67 |   105 |       |       |       |       |       ||   172
       Chain mail        |       |    31 |   102 |   183 |       |       |       ||   316
       Crystal plate arm |       |       |       |       |   567 |   415 |   382 ||  1364
Dodge: Dodged            |    59 |   113 |    85 |   186 |   285 |   254 |   259 ||  1241
Block: Kite shield       |       |       |       |       |   182 |       |       ||   182
       Tower shield      |       |       |       |       |   102 |   871 |   976 ||  1949
       Reflection        |       |       |       |       |     6 |   106 |   105 ||   217
